 Dungeon Crawl Stone Soup version 0.31-a0-1-g4198be8af4 (webtiles) character file.

Game seed: 9973623686863074360

1949 cheesebisquit the Grappler (level 9, -3/79 HPs)
             Began as a Ghoul Monk on Apr 30, 2023.
             Was a Believer of Okawaru.
             Slain by a troll (7 damage)
             ... on level 8 of the Dungeon.
             The game lasted 00:11:39 (5549 turns).

cheesebisquit the Grappler (Ghoul Monk)             Turns: 5549, Time: 00:11:40

Health: -3/79      AC: 10    Str: 21    XL:     9   Next: 18%
Magic:  8/8        EV: 13    Int:  5    God:    Okawaru [**....]
Gold:   303        SH:  0    Dex: 11    Spells: 8/8 levels left

rFire   . .          .
                       - Unarmed
rCold   + . .        (no shield)
rNeg    + + +        r - +2 leather armour of the Pink Corner {Str+2}
rPois   ∞            (no helmet)
rElec   .            b - +0 cloak
rCorr   +            (no gloves)
SInv    .            (no boots)
Will    .....        (no amulet)
Stlth   +            e - +4 ring of protection
HPRegen 0.00/turn    x - ring of resist corrosion
MPRegen 0.11/turn

%: no passive effects
@: inhibited regen
A: claws 1, cold resistance 1, negative energy resistance 3, inhibited
regeneration, torment resistance 2, devour on kill
a: Renounce Religion, Heroism


You were on level 8 of the Dungeon.
You worshipped Okawaru.
Okawaru was pleased with you.
You visited 2 branches of the dungeon, and saw 9 of its levels.

You collected 303 gold pieces.

Inventory:

Hand Weapons
 D - a +0 morningstar
Missiles
 l - 7 silver javelins (quivered)
 y - 8 poisoned darts
 B - a throwing net
Armour
 b - a +0 cloak (worn)
 c - an orb of light
 m - a +0 leather armour of poison resistance
 r - the +2 leather armour of the Pink Corner (worn) {Str+2}
   (You found it on level 4 of the Dungeon)

   Str:       It affects your strength (+2).
Jewellery
 e - a +4 ring of protection (left claw)
 x - a ring of resist corrosion (right claw)
Wands
 s - a wand of roots (8)
 u - a wand of polymorph (17)
 z - a wand of quicksilver (12)
Scrolls
 a - 2 scrolls of blinking {unknown}
 d - 2 scrolls of amnesia {unknown}
 g - 4 scrolls of teleportation {unknown}
 i - 4 scrolls of enchant armour {unknown}
 j - 2 scrolls of immolation {unknown}
 k - 7 scrolls of identify {unknown}
 o - 2 scrolls of fog {unknown}
 p - a scroll of silence {unknown}
 q - a scroll of brand weapon {unknown}
 A - a scroll of summoning {unknown}
 C - a scroll of magic mapping {unknown}
Potions
 f - a potion of lignification {unknown}
 h - 2 potions of degeneration {unknown}
 n - 4 potions of curing {unknown}
 t - a potion of brilliance {unknown}
 v - 3 potions of heal wounds {unknown}
 w - a potion of cancellation {unknown}


   Skills:
 + Level 7.2 Fighting
 + Level 6.0 Dodging
 * Level 9.7 Unarmed Combat


You had 8 spell levels left.
You didn't know any spells.
Your spell library contained the following spells:

 Spells                   Type           Power      Damage    Failure   Level
 Sting                    Tmut/Pois      0%         1d3       52%         1
 Poisonous Vapours        Pois/Air       0%         N/A       67%         2
 Gell's Gravitas          Tloc           0%         N/A       88%         3
 Inner Flame              Hex/Fire       0%         N/A       88%         3
 Teleport Other           Tloc           0%         N/A       88%         3
 Flame Wave               Conj/Fire      0%         2d4       99%         4
 Olgreb's Toxic Radiance  Pois           0%         N/A       99%         4
 Petrify                  Tmut/Erth      0%         N/A       99%         4
 Sticky Flame             Conj/Fire      0%         2d3       99%         4
 Metabolic Englaciation   Hex/Ice        0%         N/A       100%        5
 Dispersal                Tloc           0%         N/A       100%        6
 Statue Form              Tmut/Erth      Unusable   N/A       N/A         6
 Malign Gateway           Summ/Tloc      Unusable   N/A       N/A         7
 Summon Horrible Things   Summ           Unusable   N/A       N/A         8

Dungeon Overview and Level Annotations

Branches:
Dungeon (8/15)             Temple (1/1) D:7
   Lair: D:8-11

Altars:
Ashenzari
Cheibriados
Dithmenos
Fedhas
Gozag
Hepliaklqana
Kikubaaqudgha
Makhleb
Nemelex Xobeh
Okawaru
Ru
Sif Muna
Trog
Uskayaw
Vehumet
Wu Jian
Xom
Yredelemnul

Shops:
D:2 [


Innate Abilities, Weirdness & Mutations

You are immune to poison.
You have sharp fingernails.
Your flesh is cold resistant. (rC+)
You are immune to negative energy. (rN+++)
You do not regenerate when monsters are visible.
You are immune to unholy pain and torment.
You thrive by killing the living.


Message History

The bullfrog hits you. The troll misses you. The troll claws you.
The troll claws you!
You completely miss the troll.
The troll is moderately wounded.
The bullfrog closely misses you. The bullfrog completely misses you.
The troll closely misses you. The troll claws you. The troll barely misses you.
You scratch the troll. You claw the troll.
The troll is moderately wounded.
The bullfrog closely misses you.
You scratch the bullfrog. You claw the bullfrog!
The bullfrog is heavily wounded.
The troll completely misses you. The troll claws you. x2
The bullfrog closely misses you.
You claw the bullfrog!
You kill the bullfrog!
Okawaru accepts your kill.
The troll barely misses you. x2; The troll claws you!
Your Dodging skill increases to level 6!
You scratch the troll.
The troll is moderately wounded.
The troll bites you. The troll claws you. The troll barely misses you.
You scratch the troll. Your claw misses the troll.
The troll is moderately wounded.
The troll closely misses you. The troll claws you.
The troll closely misses you.
You barely miss the troll.
The troll is moderately wounded.
You claw the troll! You claw the troll.
The troll is severely wounded.
The troll bites you!
* * * LOW HITPOINT WARNING * * *
The troll claws you!
* * * LOW HITPOINT WARNING * * *
The troll closely misses you.
You closely miss the troll.
The troll is severely wounded.
The troll bites you.
* * * LOW HITPOINT WARNING * * *
The troll barely misses you. The troll claws you!
You die...

#.....#..).........#
###.....######.......#
.................##+##
###.........##.....
#.........##.......
#.........##.......
#######.....# #......
#...........# ####..
#...T@†...###
+.........#
#...........#
#...[.......#
#......##...# ########
...# ...# .#


You could see a troll.

Vanquished Creatures
  Menkaure (D:6)
  A water moccasin (D:8)
  An orc warrior (D:6)
  An ice beast (D:6)
  3 black bears
  An ogre (D:5)
  A phantom (D:6)
  3 bullfrogs
  4 scorpions
  2 howler monkeys
  2 jellies
  Crazy Yiuf (D:3)
  4 orc priests
  4 hounds
  2 sleepcaps
  2 orc wizards (D:6)
  6 adders
  A shadow imp (D:6)
  2 white imps
  A dart slug (D:3)
  15 orcs
  9 bats
  9 endoplasms
  5 giant cockroaches
  7 goblins
  6 hobgoblins
  3 jackals (D:2)
  8 kobolds
  3 quokkas
  10 ball pythons
  6 frilled lizards
  7 rats
131 creatures vanquished.

Notes
Turn   | Place    | Note
-------+----------+-------------------------------------------
     0 | D:1      | cheesebisquit the Ghoul Monk began the quest for the Orb.
     0 | D:1      | Reached XP level 1. HP: 19/19 MP: 0/0
   151 | D:1      | Reached XP level 2. HP: 26/26 MP: 1/1
   484 | D:1      | Reached XP level 3. HP: 31/31 MP: 2/2
   511 | D:1      | Reached skill level 4 in Unarmed Combat
   891 | D:2      | Reached XP level 4. HP: 38/40 MP: 3/3
  1292 | D:2      | Found Plog's Antique Armour Shoppe.
  1705 | D:3      | Found a bloodstained altar of Trog.
  2048 | D:3      | Found a broken altar of Ashenzari.
  2175 | D:3      | Found a runed translucent door.
  2176 | D:3      | Noticed Crazy Yiuf
  2194 | D:3      | Killed Crazy Yiuf
  2195 | D:3      | Reached XP level 5. HP: 23/46 MP: 4/4
  2395 | D:4      | Identified the +2 leather armour of the Pink Corner {Str+2}
  2424 | D:4      | Reached skill level 5 in Unarmed Combat
  2674 | D:4      | Found a blossoming altar of Fedhas.
  2739 | D:4      | Found a radiant altar of Vehumet.
  2880 | D:5      | Entered Level 5 of the Dungeon
  2925 | D:5      | Reached XP level 6. HP: 53/53 MP: 5/5
  3025 | D:5      | Reached skill level 6 in Unarmed Combat
  3054 | D:5      | Noticed a black bear
  3060 | D:5      | Killed a black bear
  3061 | D:5      | Reached skill level 5 in Fighting
  3061 | D:5      | Reached XP level 7. HP: 57/61 MP: 6/6
  3314 | D:5      | You fall into a shaft and drop 2 floors!
  3342 | D:7      | Reached skill level 7 in Unarmed Combat
  3402 | D:6      | Reached XP level 8. HP: 69/70 MP: 7/7
  3406 | D:6      | Found a shimmering altar of Xom.
  3485 | D:6      | Noticed Menkaure
  3502 | D:6      | Reached skill level 5 in Dodging
  3502 | D:6      | Reached skill level 8 in Unarmed Combat
  3522 | D:6      | Killed Menkaure
  3810 | D:6      | Reached skill level 9 in Unarmed Combat
  3908 | D:5      | Found an iron altar of Okawaru.
  4174 | D:5      | Became a worshipper of Warmaster Okawaru
  4174 | D:5      | Reached * piety under Okawaru
  4174 | D:5      | Reached ** piety under Okawaru
  4197 | D:6      | Found a sparkling altar of Nemelex Xobeh.
  4436 | D:6      | Found a basalt altar of Yredelemnul.
  4657 | D:7      | Reached XP level 9. HP: 78/78 MP: 8/8
  4760 | D:7      | Found a staircase to the Ecumenical Temple.
  4769 | Temple   | Entered the Ecumenical Temple
  5536 | D:8      | Noticed a troll
  5549 | D:8      | Slain by a troll

Illustrated notes

Levels and vault maps discovered:
D:1:      giann_bridges, layout_basic
D:2:      layout_loops_ring, serial_shops, shop, minmay_three_crescents
D:3:      layout_basic, trog_antimagical, mainiacjoe_overflow_six_doors_small,
          st_stairs_2, uniq_crazy_yiuf_cottage
D:4:      layout_cave_pools, lemuel_doored_altar, kennysheep_mini_moat,
          mainiacjoe_overflow_brackets
D:5:      layout_loops_cross, marbit_many_paths
D:6:      layout_rooms, kennysheep_ying_yang, xom_teletrap_fun,
          mainiacjoe_overflow_alcove_1, uniq_menkaure
D:7:      layout_basic, minmay_temple_entry_glass,
          minmay_misc_feat_secret_circle
D:8:      layout_basic
Temple:   jpeg_temple_clearing

Skill      XL: |  1  2  3  4  5  6  7  8  9 |
---------------+----------------------------+-----
Dodging        | 3 4 5 6 |  6.0
Unarmed Combat | 4 5 6 7 9 |  9.7
Fighting       | 4 5 6 7 |  7.2

Action                     |  1- 3 |  4- 6 |  7- 9 || total
---------------------------+-------+-------+-------++-------
  Melee: Unarmed           |    93 |   129 |   153 ||   375
         Punch             |       |       |     5 ||     5
  Throw: Javelin           |       |     1 |     7 ||     8
    Use: Potion            |       |     1 |       ||     1
 Armour: Robe              |    30 |     7 |       ||    37
         Leather armour    |       |    48 |    43 ||    91
  Dodge: Dodged            |    42 |    68 |    86 ||   196

Table legend: (Time is in decaauts)
 A = Elapsed time spent in this place.
 B = Non-inter-level travel time spent in this place.
 C = Inter-level travel time spent in this place.
 D = Time resting spent in this place.
 E = Time spent auto-exploring this place.
 F = Levels seen in this place.
 G = Mean time per level.
                   A        B        C        D        E       F      G
               +--------+--------+--------+--------+--------+-----+--------+
         Total |   5509 |   5207 |    302 |      4 |   4340 |   9 |  612.1 |
       Dungeon |   5423 |   5133 |    290 |      4 |   4279 |   8 |  677.9 |
        Temple |     85 |     73 |     12 |      0 |     61 |   1 |   85.0 |
               +--------+--------+--------+--------+--------+-----+--------+

Top non-repeatable levels by time:
     D:3: 960 daAuts
     D:5: 793 daAuts
     D:7: 790 daAuts
     D:6: 785 daAuts
     D:1: 705 daAuts
     D:2: 674 daAuts
     D:4: 523 daAuts
     D:8: 190 daAuts
  Temple: 85 daAuts
